[Event "GER-ch Youth-U14 2022"]
[Site "Willingen"]
[Date "2022.06.10"]
[Round "8.9"]
[White "Mader, Fabian"]
[Black "Sommer, Justus"]
[Result "0-1"]
[ECO "C54"]
[WhiteElo "1652"]
[BlackElo "1868"]
[Annotator "NA RC COMBH"]
[PlyCount "78"]
[EventDate "2022.06.05"]
[EventType "swiss"]
[EventRounds "9"]
[EventCountry "GER"]
[SourceTitle "playchess.com"]
[Source "ChessBase"]
[SourceQuality "1"]
[TimeControl "40/4500+30:900+30"]

1. e4 e5 2. Nf3 Nc6 3. Bc4 Bc5 4. c3 Nf6 5. d3 d6 6. Bb3 a6 7. Nbd2 Ba7 8. h3 O-O 9. Nf1 h6 10. g4 d5 11. Qe2 dxe4 12. dxe4 Nd7 13. g5 Nc5 14. gxh6 Nd3+ 15. Kd1 Nf4+ 16. Qd2 {[%emt 0:00:27] [#]} Qxd2+ $2 ({Much less strong is} 16... gxh6 17. Kc2 $14) (16... Qf6 $1 $17 17. Rg1 Qxh6 18. Nxe5 Rd8 19. Bxf7+ Kh7) 17. Bxd2 gxh6 {[%emt 0:04:31] [#]} 18. Bxf4 ({Of course not} 18. Nxe5 $6 Nxe5 19. Bxf4 Nd3 $11) (18. Kc2 $1 $16) 18... exf4 19. Rh2 Kh7 20. N1d2 f5 21. Bc2 (21. Nh4 $14 {was preferrable.}) 21... Be6 22. exf5 Bxf5 23. Bxf5+ Rxf5 24. Kc2 Re8 25. Re1 Rxe1 26. Nxe1 Ne5 27. Ndf3 Nxf3 28. Nxf3 Rd5 29. Ne1 h5 30. Nd3 f3 31. h4 $11 Rf5 32. Rh1 Kg7 33. Re1 Rf7 34. Re5 Kg6 35. Kd2 Rf6 36. Ke1 b5 37. Rg5+ Kh6 38. Kf1 Rd6 39. Ne1 Rd2 0-1

[Event "GER-ch Youth-U14 2022"]
[Site "Willingen"]
[Date "2022.06.10"]
[Round "8.10"]
[White "Luebke, Florentin"]
[Black "Huber, Benedikt"]
[Result "1/2-1/2"]
[ECO "C03"]
[WhiteElo "1613"]
[BlackElo "2288"]
[Annotator "TA"]
[PlyCount "127"]
[EventDate "2022.06.05"]
[EventType "swiss"]
[EventRounds "9"]
[EventCountry "GER"]
[SourceTitle "playchess.com"]
[Source "ChessBase"]
[SourceQuality "1"]
[TimeControl "40/4500+30:900+30"]

1. e4 e6 2. d4 d5 3. Nd2 h6 4. c3 Nf6 5. e5 Nfd7 6. Bd3 {[%emt 0:00:00] C03: French Tarrasch: Unusual Black 3rd moves.} c5 {[%emt 0:00:00] Against b4} 7. Ne2 Nc6 8. O-O {[%emt 0:00:00] White is slightly better.} cxd4 9. cxd4 Qb6 10. Nf3 Be7 11. Re1 O-O ({Black should try} 11... Nb4) 12. a3 {[%emt 0:00:00] [#]} f6 $146 ({Predecessor:} 12... Rd8 13. Ng3 Nf8 14. Nh5 Bd7 15. Qd2 {1-0 (15) Bystrov,N (1997)-Kupriyanov,A (2249) Nizhnij Novgorod 2011}) 13. exf6 Bxf6 14. Qc2 Bxd4 15. Bh7+ (15. Nexd4 $16 Nxd4 16. Nxd4 Qxd4 17. Rxe6 (17. Bh7+ Kh8 $11)) 15... Kh8 $11 16. Nexd4 Nxd4 17. Nxd4 Qxd4 18. Be3 Qf6 19. Rad1 {[%emt 0:01:11][%mdl 1024] White has compensation.} b6 20. Qc6 {[%emt 0:03:28] Against Bb7} Rb8 21. Bb1 {[%emt 0:02:05] White is much more active.} Rd8 $2 (21... Nc5 $14) 22. Bd4 e5 23. Qc2 Kg8 (23... g6) 24. Qh7+ Kf7 {[%emt 0:05:10] [#]} 25. Re3 $1 Nf8 (25... exd4 26. Rf3) 26. Qd3 (26. Qc2 $18 exd4 27. Rf3 Qxf3 28. gxf3) 26... Ng6 $16 (26... exd4 $2 27. Rf3 $18) 27. Qxg6+ Qxg6 28. Bxg6+ Kxg6 29. Rxe5 Rd7 30. Re8 Ra8 31. Rc1 Bb7 32. Re3 Rc8 33. Rxc8 Bxc8 $14 {[%emt 0:00:12][%mdl 4096] Endgame KRB-KRB} 34. f4 Kf7 35. Rc3 Bb7 36. Kf2 Re7 37. Be5 Rd7 38. g4 Ba6 {[%emt 0:02:03] [#]} 39. Ke3 $1 Bb7 40. Kd4 Ke8 41. h4 {[%emt 0:15:34][%cal Bh2h4,Bh4h5][%mdl 32] Hoping for g5.} Rf7 (41... g6 $16 {was worth a try.} 42. Rg3 Rf7) 42. h5 Re7 43. b4 Kd8 $2 (43... Ba6 44. g5 (44. Kxd5 Kf7 $16) 44... Bb5 45. gxh6 (45. Kxd5 Bd7 $16) 45... gxh6 46. Rc8+ (46. Kxd5 Bd7 $16) 46... Kf7) 44. a4 {[%emt 0:00:00] And now g5 would win.} Rf7 $2 (44... Ke8 45. g5 Kf7 46. gxh6 gxh6) 45. b5 {[%emt 0:00:00] Black must now prevent g5.} Bc8 46. Rg3 ({Inferior is} 46. Kxd5 Bxg4 47. Rg3 Bxh5 $11) 46... a6 $2 (46... Ke8 {was called for.} 47. Kxd5 Bb7+ 48. Kc4 Re7) 47. g5 $18 axb5 48. axb5 Rf5 49. gxh6 ({Don't do} 49. g6 Rxh5 50. Bxg7 Bf5 51. Bf6+ Ke8 $18) 49... gxh6 50. Rg8+ Kd7 51. Rg7+ ({Not} 51. Kxd5 Bb7+ 52. Kd4 Bc8 $18) 51... Ke8 52. Rc7 (52. Kxd5 $18 Bd7 53. Rg6 Rxh5 54. Rxb6) 52... Bd7 $11 {[%emt 0:00:41] The position is equal.} 53. Kxd5 {[%emt 0:00:00] Strongly threatening Kd6.} Rxh5 54. Rb7 {[%emt 0:00:00] Threatens to win with Rb8+.} Bxb5 55. Rxb6 Be2 56. Rb8+ Kf7 57. Rb7+ Kg6 {[%emt 0:00:36] ...Bf3+ is the strong threat.} 58. Ke4 {[%emt 0:00:00][%csl Ge5][%cal Rb7g7] Inhibits Bf3+.} Rh4 59. Rg7+ Kh5 60. Kf5 Bd3+ 61. Ke6 Rg4 62. Rc7 Rg6+ 63. Ke7 Kg4 64. Rd7 {[%emt 0:00:00] Blacks defense is rewarded with a draw.  Weighted Error Value: White=0.30/Black=0.42} 1/2-1/2

[Event "GER-ch Youth-U14 2022"]
[Site "Willingen"]
[Date "2022.06.10"]
[Round "8.11"]
[White "Wunderlich, Elias"]
[Black "Uhlmann, Tim"]
[Result "1-0"]
[ECO "C86"]
[WhiteElo "1619"]
[BlackElo "1776"]
[Annotator "NA RC COMBH"]
[PlyCount "91"]
[EventDate "2022.06.05"]
[EventType "swiss"]
[EventRounds "9"]
[EventCountry "GER"]
[SourceTitle "playchess.com"]
[Source "ChessBase"]
[SourceQuality "1"]
[TimeControl "40/4500+30:900+30"]

1. e4 e5 2. Nf3 Nc6 3. Bb5 a6 4. Ba4 Nf6 5. O-O Be7 6. Qe2 b5 7. Bb3 O-O 8. c3 d5 9. d3 dxe4 10. dxe4 Bb7 11. Rd1 Bd6 12. Bg5 h6 13. Bh4 Qe7 14. Nbd2 g5 15. Nxg5 hxg5 16. Bxg5 Kg7 17. Qf3 Na5 18. Bd5 c6 19. Nf1 Rh8 20. Ne3 cxd5 21. Nf5+ Kg6 22. Nxe7+ Bxe7 23. Qf5+ Kg7 24. Qxe5 Rae8 25. b4 Nc4 26. Qc7 Bc8 27. e5 Nd7 28. Bxe7 Rxe7 29. Rxd5 Rhe8 30. e6 Nde5 31. Qc5 Rxe6 32. f4 Nc6 33. Rg5+ Kh6 34. Qf2 Kh7 35. f5 Rh6 36. Re1 N6e5 37. Qg3 Bd7 38. Rg7+ Kh8 39. Qg5 Rg6 40. fxg6 Kxg7 41. gxf7+ Kxf7 42. Rf1+ Ke6 43. Qh6+ Kd5 44. Rd1+ Ke4 45. Rd4+ Kf5 46. Rf4# 1-0

[Event "GER-ch Youth-U14 2022"]
[Site "Willingen"]
[Date "2022.06.10"]
[Round "8.12"]
[White "Chinguun Sundui"]
[Black "Mueller, Maximilian"]
[Result "0-1"]
[ECO "C00"]
[WhiteElo "1731"]
[BlackElo "2299"]
[Annotator "TA"]
[PlyCount "67"]
[EventDate "2022.06.05"]
[EventType "swiss"]
[EventRounds "9"]
[EventCountry "GER"]
[SourceTitle "playchess.com"]
[Source "ChessBase"]
[SourceQuality "1"]
[TimeControl "40/4500+30:900+30"]

1. e4 e6 2. Nf3 d5 3. e5 c5 4. b4 cxb4 5. a3 bxa3 6. d4 Bd7 7. c3 Nc6 8. Bd3 Rc8 {[%emt 0:03:16] C00: French: Unusual White 2nd moves.} (8... b5 $15 {is more appropriate.}) 9. O-O $11 a6 {[%emt 0:01:01] [#]} 10. h4 $146 (10. Ng5 $11) ({Predecessor:} 10. Re1 Na5 11. Ng5 Nc4 12. Qh5 g6 13. Qf3 Qe7 14. Qg3 Nh6 15. Nxa3 Na5 16. Nb5 Bxb5 17. Bxb5+ axb5 18. Rxa5 {0-1 (48) Popadic,D (2157)-Aitbayev,A (2475) Chess.com INT 2021}) 10... h6 {[%emt 0:12:16] Black is slightly better.} (10... Na7 {is interesting.} 11. Ng5 Bb5 12. Qh5 g6) 11. h5 b5 12. g3 Be7 13. Nh2 (13. Qe2 $11) 13... Qb6 (13... b4 $17 {aiming for ...a5.} 14. Bxa6 Ra8) 14. Qg4 Kf8 {[%emt 0:02:48] Hoping for ...b4.} 15. Be3 (15. Nxa3 $11 {keeps the balance.} b4 16. cxb4 (16. Nc2 a5 $15)) 15... Qa5 ({Better is} 15... b4 $17 {And now ...b3 would win.} 16. cxb4 Nxb4 17. Rxa3 a5) 16. Rc1 a2 17. Nd2 b4 18. c4 {[%emt 0:01:57] [#]} ({White should play} 18. Nb3 $15 Qa4 19. Qd1) 18... Qa3 $1 $19 19. cxd5 Na5 (19... Qxd3 $19 20. dxc6 Rxc6) 20. Rxc8+ $11 Bxc8 {[%emt 0:00:01] The board is on fire.} 21. Qe2 (21. dxe6 $1 $11 {and White is okay.} Qb2 22. Qd1 Bxe6 23. Be4) 21... Qb2 $36 {[%emt 0:01:17][%mdl 2048] Black is really pushing.} (21... exd5 22. Bxa6 Qb2 23. Rxa2 Qxa2 24. Bxc8 $17) 22. Qd1 (22. Nb3 $17 {might work better.} Qxb3 23. Qxa2) 22... exd5 23. Bc2 {[%emt 0:01:30] Prevents b3.} Nc4 $2 (23... Bd8 $19 {Strongly threatening ...Bd7.} 24. Qc1 Qxc1+ 25. Rxc1 Ne7) 24. Nxc4 $4 (24. Bb3 $11 Nxd2 25. Bxd2 Qxd4 26. Nf3) 24... dxc4 25. d5 {[%emt 0:01:14] Bd4 is the strong threat.} b3 (25... Qxe5 26. Bf4 Qb2 27. d6 $11) 26. d6 Bd8 {[%emt 0:00:05][%mdl 8192] [#]} ({And not} 26... Qxe5 27. dxe7+ Kxe7 28. Qe1 bxc2 29. Rxa2 $15) (26... Bg5 $19 {avoids the disaster.} 27. Bd4 Qxc2 28. Qxc2 bxc2) 27. Bxb3 $4 cxb3 28. f4 Bb7 29. Bf2 {[%emt 0:00:23] [#]} Bb6 $1 30. Ng4 {[%emt 0:00:09] [#]} g6 $1 {[%emt 0:05:16][%cal Ob2c3] White must now prevent ...Qc3!} 31. d7 {[%emt 0:00:45] [#]} Kg7 $1 32. hxg6 {[%emt 0:00:41] [#]} (32. d8=Q Bxd8) 32... fxg6 $1 {[%emt 0:00:36][%cal Og8e7] Threatens to win with ...Ne7!} 33. e6 {[%emt 0:00:32] [#]} (33. d8=Q Bxd8) 33... Nf6 $1 34. Qf1 {[%emt 0:00:00] Weighted Error Value: White=1.34/Black=0.78} (34. Kf1 Nxg4) 0-1

[Event "GER-ch Youth-U14 2022"]
[Site "Willingen"]
[Date "2022.06.10"]
[Round "8.13"]
[White "Kieselbach, Jannik"]
[Black "Deschler, Arne"]
[Result "0-1"]
[ECO "B19"]
[WhiteElo "1631"]
[BlackElo "1646"]
[Annotator "NA RC COMBH"]
[PlyCount "126"]
[EventDate "2022.06.05"]
[EventType "swiss"]
[EventRounds "9"]
[EventCountry "GER"]
[SourceTitle "playchess.com"]
[Source "ChessBase"]
[SourceQuality "1"]
[TimeControl "40/4500+30:900+30"]

1. e4 c6 2. d4 d5 3. Nc3 dxe4 4. Nxe4 Bf5 5. Ng3 Bg6 6. h4 h6 7. Nf3 Nd7 8. h5 Bh7 9. Bd3 Bxd3 10. Qxd3 e6 11. Bd2 Ngf6 12. O-O-O Qc7 13. Kb1 O-O-O 14. Ne4 Be7 15. g3 c5 16. Bf4 Qc6 17. Nxf6 Bxf6 18. d5 exd5 19. Qxd5 Qb6 20. Qb3 Qxb3 21. axb3 Rhe8 22. Rhe1 Nb6 23. Rxd8+ Kxd8 24. Be3 Nd7 25. c3 Ne5 26. Nxe5 Rxe5 27. f4 Rxh5 28. g4 Rh4 29. g5 hxg5 30. fxg5 Be7 31. Rf1 Re4 32. Bd2 Ke8 33. Kc2 Re5 34. Rg1 g6 35. Kd3 Rd5+ 36. Ke2 Kd7 37. Be3 Ke6 38. Kf3 Rf5+ 39. Ke4 Re5+ 40. Kf3 a6 41. Rg2 Rd5 42. Rg1 Rf5+ 43. Ke4 Re5+ 44. Kf3 Kf5 45. Bd2 Rd5 46. Be3 Rd3 47. Ke2 Rd8 48. Rf1+ Ke6 49. Rh1 Kf5 50. Rf1+ Ke6 51. Rh1 Rf8 52. Kf3 Kf5 53. Rg1 Rh8 54. Rd1 Rh3+ 55. Ke2 Rh2+ 56. Kf3 Ke6 57. Re1 Kd7 58. Rd1+ Ke6 59. Re1 Kd7 60. Rd1+ Kc6 61. Bd2 Rh3+ 62. Kf4 Rd3 63. c4 Rd4+ 0-1

[Event "GER-ch Youth-U14 2022"]
[Site "Willingen"]
[Date "2022.06.10"]
[Round "8.14"]
[White "Fruth, David"]
[Black "Weyerer, Noah"]
[Result "1-0"]
[ECO "C10"]
[WhiteElo "1648"]
[BlackElo "1555"]
[Annotator "NA RC COMBH"]
[PlyCount "83"]
[EventDate "2022.06.05"]
[EventType "swiss"]
[EventRounds "9"]
[EventCountry "GER"]
[SourceTitle "playchess.com"]
[Source "ChessBase"]
[SourceQuality "1"]
[TimeControl "40/4500+30:900+30"]

1. e4 e6 2. d4 d5 3. Nc3 dxe4 4. Nxe4 Nd7 5. g3 Ngf6 6. Nxf6+ Nxf6 7. Bg2 c5 8. Ne2 cxd4 9. Qxd4 Qxd4 10. Nxd4 a6 11. O-O Bc5 12. Nb3 Bd6 13. Be3 Ke7 14. Na5 Rb8 15. Nc4 Bd7 16. Nxd6 Kxd6 17. Bf4+ e5 18. Rad1+ Ke7 19. Bxe5 Rbc8 20. c3 Rc6 21. Bxc6 Bxc6 22. Rfe1 Ke6 23. g4 Bf3 24. Bg3+ Ne4 25. Rd3 Bxg4 26. Rxe4+ Kf5 27. Rf4+ Kg5 28. Rd5+ f5 29. f3 Bh3 30. Rh4 Re8 31. Rxh3 Re2 32. f4+ Kg4 33. Rxh7 Rxb2 34. Rd3 Rb1+ 35. Kf2 Rb2+ 36. Ke1 Rb1+ 37. Kd2 Rb2+ 38. Kc1 Rxh2 39. Rxh2 g5 40. Rg2 gxf4 41. Be1+ Kh5 42. Rh3# 1-0

[Event "GER-ch Youth-U14 2022"]
[Site "Willingen"]
[Date "2022.06.10"]
[Round "8.15"]
[White "Vihan, Shourya"]
[Black "Sauer, Tim"]
[Result "0-1"]
[ECO "D10"]
[WhiteElo "1385"]
[BlackElo "1769"]
[Annotator "NA RC COMBH"]
[PlyCount "90"]
[EventDate "2022.06.05"]
[EventType "swiss"]
[EventRounds "9"]
[EventCountry "GER"]
[SourceTitle "playchess.com"]
[Source "ChessBase"]
[SourceQuality "1"]
[TimeControl "40/4500+30:900+30"]

1. d4 d5 2. c4 c6 3. Nc3 Nf6 4. cxd5 cxd5 5. Bf4 Nc6 6. e3 Bf5 7. Qb3 Na5 8. Qa4+ Bd7 9. Qc2 Rc8 10. Bd3 e6 11. Nge2 b5 12. a3 Be7 13. h3 h6 14. O-O O-O 15. b3 Qb6 16. Qb2 a6 17. Rfc1 Bd6 18. Bxd6 Qxd6 19. Rc2 g5 20. Rcc1 Nh5 21. e4 Nf4 22. Nxf4 Qxf4 23. Ne2 Qd6 24. e5 Qb6 25. Ng3 Nxb3 26. Qxb3 Qxd4 27. Ne2 Qxe5 28. a4 bxa4 29. Qb7 Rxc1+ 30. Rxc1 Bb5 31. Bxb5 axb5 32. Qxb5 Rb8 33. Qa6 Qb2 34. Qd3 a3 35. Qd1 a2 36. Nc3 a1=Q 37. Rxa1 Qxc3 38. Rc1 Qe5 39. Qa4 Kg7 40. Qa7 Rb4 41. g3 Re4 42. Kg2 Re2 43. Rc7 Qe4+ 44. Kh2 Qf3 45. Qd4+ e5 0-1

[Event "GER-ch Youth-U14 2022"]
[Site "Willingen"]
[Date "2022.06.10"]
[Round "8.16"]
[White "Jahnz, Laurin"]
[Black "Eichhorn, Valentin"]
[Result "1-0"]
[ECO "B40"]
[WhiteElo "1681"]
[BlackElo "1565"]
[Annotator "NA RC COMBH"]
[PlyCount "103"]
[EventDate "2022.06.05"]
[EventType "swiss"]
[EventRounds "9"]
[EventCountry "GER"]
[SourceTitle "playchess.com"]
[Source "ChessBase"]
[SourceQuality "1"]
[TimeControl "40/4500+30:900+30"]

1. e4 c5 2. Nf3 e6 3. c3 d5 4. exd5 Qxd5 5. d4 Nc6 6. Na3 a6 7. Nc4 Qd8 8. Be3 cxd4 9. Nxd4 Nxd4 10. Qxd4 Qxd4 11. Bxd4 b5 12. Nb6 Rb8 13. Nxc8 Rxc8 14. a4 Rb8 15. Be5 Rb7 16. axb5 axb5 17. Ra8+ Ke7 18. Bd4 Nf6 19. Bc5+ Kd7 20. Rxf8 Rxf8 21. Bxf8 g6 22. Be2 Ke8 23. Bb4 Nd5 24. Bf3 Ra7 25. O-O Nxb4 26. cxb4 Ra4 27. Bc6+ Ke7 28. Bxb5 Rxb4 29. Bc6 Rxb2 30. Rd1 Rc2 31. Be4 Rc4 32. Bf3 h5 33. h3 f5 34. Be2 Rb4 35. Ba6 Rb6 36. Bc8 Rc6 37. Bd7 Rc7 38. Ba4 Ra7 39. Rd4 Kf6 40. h4 Re7 41. f4 e5 42. Rd6+ Re6 43. Rxe6+ Kxe6 44. Be8 Kf6 45. fxe5+ Kxe5 46. Bxg6 Kf4 47. Bxh5 Kg3 48. Bg6 Kxh4 49. Bxf5 Kg3 50. Bd3 Kg4 51. Kf2 Kf4 52. Be2 1-0

[Event "GER-ch Youth-U14 2022"]
[Site "Willingen"]
[Date "2022.06.10"]
[Round "8.17"]
[White "Goepfert, Gregor"]
[Black "Winkler, Yonathan"]
[Result "0-1"]
[ECO "B28"]
[WhiteElo "1446"]
[BlackElo "1699"]
[Annotator "NA RC COMBH"]
[PlyCount "112"]
[EventDate "2022.06.05"]
[EventType "swiss"]
[EventRounds "9"]
[EventCountry "GER"]
[SourceTitle "playchess.com"]
[Source "ChessBase"]
[SourceQuality "1"]
[TimeControl "40/4500+30:900+30"]

1. e4 c5 2. Nf3 a6 3. c4 Nc6 4. d4 cxd4 5. Nxd4 Nf6 6. Nc3 e5 7. Nc2 Bc5 8. Be2 d6 9. O-O Be6 10. Be3 Bxe3 11. Nxe3 O-O 12. Qd2 Nd4 13. f4 b5 14. f5 b4 15. fxe6 bxc3 16. exf7+ Rxf7 17. bxc3 Nxe4 18. Qd3 Nxe2+ 19. Qxe2 Qd7 20. Qd3 Nf6 21. Rad1 Rd8 22. Nd5 Rdf8 23. Nxf6+ Rxf6 24. Qd5+ Qe6 25. Rxf6 Rxf6 26. c5 dxc5 27. Qxc5 h6 28. Qd5 Kf7 29. Qb7+ Kg6 30. Qe4+ Qf5 31. Qxf5+ Kxf5 32. Kf2 Ke4+ 33. Ke2 Rb6 34. Rd2 Rb1 35. Rc2 a5 36. c4 Rb6 37. Rd2 Rc6 38. Rd3 Rxc4 39. Ra3 a4 40. Kd2 Kd4 41. Rd3+ Ke4 42. Re3+ Kd5 43. Ra3 g5 44. h3 e4 45. Ke3 Ke5 46. g3 h5 47. Ke2 Kd4 48. Kd2 Rb4 49. Ke2 g4 50. hxg4 hxg4 51. Ke1 e3 52. Ke2 Rb2+ 53. Ke1 Ke4 54. Rxa4+ Kf3 55. Rf4+ Kxg3 56. Rf8 Rxa2 0-1

[Event "GER-ch Youth-U14 2022"]
[Site "Willingen"]
[Date "2022.06.10"]
[Round "8.18"]
[White "Schwan, Aaron"]
[Black "Shapiro, Danil"]
[Result "1-0"]
[ECO "B46"]
[WhiteElo "1671"]
[BlackElo "1468"]
[Annotator "NA RC COMBH"]
[PlyCount "95"]
[EventDate "2022.06.05"]
[EventType "swiss"]
[EventRounds "9"]
[EventCountry "GER"]
[SourceTitle "playchess.com"]
[Source "ChessBase"]
[SourceQuality "1"]
[TimeControl "40/4500+30:900+30"]

1. e4 c5 2. Nf3 e6 3. d4 cxd4 4. Nxd4 Nc6 5. Nc3 a6 6. Be3 Qc7 7. g3 b5 8. Bg2 Bb7 9. O-O Nf6 10. Qe2 Bb4 11. a3 Bxc3 12. bxc3 Nxd4 13. cxd4 Bxe4 14. Bxe4 Nxe4 15. Qg4 d5 16. Qxg7 Ke7 17. Bf4 Qd7 18. Be5 Qe8 19. Qxh8 Qxh8 20. Bxh8 Rxh8 21. a4 b4 22. a5 Nc3 23. Rfe1 Rc8 24. Re3 Rc4 25. Kf1 Rxd4 26. Rc1 f6 27. Rd3 Rxd3 28. cxd3 Kd6 29. Ke1 d4 30. Kd2 b3 31. Rxc3 dxc3+ 32. Kxc3 b2 33. Kxb2 Kc5 34. f4 h5 35. f5 e5 36. Kc3 Kd5 37. h3 Kc5 38. g4 hxg4 39. hxg4 Kd5 40. Kb4 Kd6 41. Kc4 Kc6 42. d4 exd4 43. Kxd4 Kd6 44. Ke4 Ke7 45. Kf4 Kf7 46. g5 fxg5+ 47. Kxg5 Kg7 48. Kf4 1-0

[Event "GER-ch Youth-U14 2022"]
[Site "Willingen"]
[Date "2022.06.10"]
[Round "8.20"]
[White "Linnemann, Caspar"]
[Black "Miller, Elias"]
[Result "1/2-1/2"]
[ECO "B15"]
[WhiteElo "1720"]
[BlackElo "1548"]
[Annotator "NA RC COMBH"]
[PlyCount "106"]
[EventDate "2022.06.05"]
[EventType "swiss"]
[EventRounds "9"]
[EventCountry "GER"]
[SourceTitle "playchess.com"]
[Source "ChessBase"]
[SourceQuality "1"]
[TimeControl "40/4500+30:900+30"]

1. e4 c6 2. d4 d5 3. Nd2 dxe4 4. Nxe4 Nf6 5. Nxf6+ exf6 6. Be3 Qb6 7. Qc1 c5 8. c3 Nc6 9. Nf3 Bd6 10. Be2 O-O 11. h3 Re8 12. Qd2 Bf5 13. O-O Rad8 14. d5 Ne5 15. b3 Qc7 16. Nh4 Bd7 17. f4 Ng6 18. Nxg6 hxg6 19. c4 Re7 20. Rae1 Rde8 21. Bd3 Kh7 22. Qf2 Qa5 23. Bb1 Qc3 24. Bd2 Qb2 25. Rxe7 Rxe7 26. Be3 Qa3 27. Re1 a5 28. Bc1 Rxe1+ 29. Qxe1 Qb4 30. Qxb4 axb4 31. Kf2 Kg8 32. Ke3 f5 33. Bb2 f6 34. Kf3 g5 35. Bc1 Bxf4 36. Bxf4 gxf4 37. Kxf4 g5+ 38. Kf3 Kf7 39. g3 b6 40. Bc2 Ke7 41. h4 Kd6 42. Bb1 Ke7 43. Bd3 Kd6 44. Ke3 Ke7 45. Be2 Kd6 46. Bh5 f4+ 47. gxf4 gxh4 48. Kf2 b5 49. Bg6 bxc4 50. bxc4 Ba4 51. Bd3 Bd1 52. Kg2 Bg4 53. Kf2 Bd1 1/2-1/2

[Event "GER-ch Youth-U14 2022"]
[Site "Willingen"]
[Date "2022.06.10"]
[Round "8.21"]
[White "Goldinov, Daniel"]
[Black "Detjen, Mattes"]
[Result "1-0"]
[ECO "C47"]
[WhiteElo "1626"]
[BlackElo "1098"]
[Annotator "NA RC COMBH"]
[PlyCount "81"]
[EventDate "2022.06.05"]
[EventType "swiss"]
[EventRounds "9"]
[EventCountry "GER"]
[SourceTitle "playchess.com"]
[Source "ChessBase"]
[SourceQuality "1"]
[TimeControl "40/4500+30:900+30"]

1. e4 e5 2. Nc3 Nc6 3. Bc4 Nf6 4. Nf3 Nxe4 5. Nxe4 d5 6. Bb5 dxe4 7. Nxe5 Bd7 8. Bxc6 Bxc6 9. Qe2 Qe7 10. Nxc6 bxc6 11. Qc4 c5 12. Qb5+ Qd7 13. Qb7 Rd8 14. Qxe4+ Qe7 15. Qxe7+ Bxe7 16. d3 Bd6 17. O-O Kd7 18. Bd2 Rhe8 19. Rfe1 Rxe1+ 20. Rxe1 Re8 21. Rxe8 Kxe8 22. g3 f5 23. Bc3 g5 24. Bf6 g4 25. Kg2 Kf7 26. Bc3 h5 27. f4 Ke6 28. Kf2 Kd5 29. b3 a6 30. Ke3 c6 31. Bg7 Bc7 32. c4+ Kd6 33. Bf8+ Ke6 34. Bxc5 a5 35. a3 Bd8 36. d4 Bc7 37. Kd3 Bd8 38. b4 axb4 39. Bxb4 Bb6 40. a4 Ba7 41. Bc5 1-0

[Event "GER-ch Youth-U14 2022"]
[Site "Willingen"]
[Date "2022.06.10"]
[Round "8.22"]
[White "Sinka, Silas"]
[Black "Weber, Nikita"]
[Result "1-0"]
[ECO "A06"]
[WhiteElo "1386"]
[BlackElo "1264"]
[Annotator "NA RC COMBH"]
[PlyCount "122"]
[EventDate "2022.06.05"]
[EventType "swiss"]
[EventRounds "9"]
[EventCountry "GER"]
[SourceTitle "playchess.com"]
[Source "ChessBase"]
[SourceQuality "1"]
[TimeControl "40/4500+30:900+30"]

1. Nf3 d5 2. g3 Nf6 3. Bg2 e6 4. O-O Bd6 5. d4 O-O 6. Nbd2 Nbd7 7. c4 c6 8. b3 e5 9. dxe5 Nxe5 10. cxd5 Nxd5 11. Bb2 Qe7 12. Ne4 Nxf3+ 13. Bxf3 Bh3 14. Nxd6 Qxd6 15. Qd4 f6 16. Rfd1 Qe7 17. Bxd5+ cxd5 18. Qxd5+ Kh8 19. Qh5 Be6 20. Rd4 Rac8 21. a4 Bxb3 22. Ba3 Qe5 23. Qxe5 fxe5 24. Rb4 Bd5 25. Rb5 Rfd8 26. Be7 Rd7 27. Rd1 Rxe7 28. Rdxd5 Rce8 29. Kg2 e4 30. Rd4 g6 31. Rdb4 b6 32. a5 bxa5 33. Rxa5 Kg7 34. Rba4 Ra8 35. Kh3 h5 36. g4 hxg4+ 37. Kxg4 Rf7 38. Kg3 Re7 39. Kf4 e3 40. f3 Rf8+ 41. Kg3 Rff7 42. f4 Kh6 43. h4 Kg7 44. Kf3 Kh6 45. Ra3 Rc7 46. Rxe3 Rb7 47. Rea3 Rb1 48. Ra1 Rbb7 49. e3 Rbc7 50. Rg1 Rc3 51. Ra6 Rg7 52. h5 Rc5 53. hxg6 Rh5 54. Ke4 Re7+ 55. Kf3 Rg7 56. e4 Rh3+ 57. Rg3 Rh1 58. Kg2 Rh4 59. Kf3 Rh1 60. f5 Kh5 61. Kg2 Rb1 1-0

[Event "GER-ch Youth-U14 2022"]
[Site "Willingen"]
[Date "2022.06.11"]
[Round "9.1"]
[White "Honisch, Alexander"]
[Black "Ermitsch, Magnus"]
[Result "1/2-1/2"]
[ECO "E11"]
[WhiteElo "1878"]
[BlackElo "2222"]
[Annotator "TA"]
[PlyCount "96"]
[EventDate "2022.06.05"]
[EventType "swiss"]
[EventRounds "9"]
[EventCountry "GER"]
[SourceTitle "playchess.com"]
[Source "ChessBase"]
[SourceQuality "1"]
[TimeControl "40/4500+30:900+30"]

1. d4 Nf6 2. c4 e6 3. Nf3 Bb4+ 4. Nbd2 d5 5. a3 Be7 6. Qc2 O-O 7. e4 dxe4 8. Nxe4 Nbd7 {[%emt 0:00:00] was the old line (8...Nxe4).} 9. Nxf6+ {[%emt 0:06:10] E11: Bogo-Indian.} Nxf6 10. Be2 b6 11. O-O Bb7 12. Rd1 {[%emt 0:01:33] [#]} Be4 $146 (12... a5 {with more complications.} 13. Ne5 Nd7 14. Be3 Nxe5 15. dxe5 Qc8) ({Predecessor:} 12... Qc8 13. b4 Be4 14. Qb3 Qb7 15. Bb2 Rfd8 16. g3 a6 17. Rac1 b5 18. Nd2 Bc6 {½-½ (36) Margvelashvili,G (2534)-Pourkashiyan,A (2348) Philadelphia 2015}) 13. Qc3 Qc8 14. Bf4 (14. Ne5 {is interesting.} Rd8 15. Qg3 c5 16. Bh6) 14... Qb7 (14... a5 {looks sharper.} 15. Ne5 Rd8 16. Qg3 c5) 15. b4 $1 a5 16. b5 Rac8 17. Qb3 Rfd8 18. Rac1 Nd7 (18... c5 $11) 19. Qe3 $14 Bf5 20. Nd2 ({White should play} 20. Ne5 $16 Nxe5 21. Bxe5) 20... Nf6 (20... c5 $14) 21. Bf3 $16 Qa7 22. Bc6 a4 (22... Nd7 $16) 23. h3 $18 h6 24. Nf3 Bd6 25. Ne5 {[%emt 0:01:40] Against Nd7} Qa5 (25... Bxe5 {keeps fighting.} 26. Bxe5 (26. dxe5 Nh7 $16) (26. Qxe5 Nd7 $16) 26... Nd7) 26. Kh1 Qa7 (26... Bxe5 $142 27. Bxe5 (27. Qxe5 Ne4 $18) (27. dxe5 Rxd1+ 28. Rxd1 Nh7 $18) 27... Nd7) 27. Kg1 $2 ({Better is} 27. g4 $18 Bh7 28. g5 hxg5 29. Bxg5) 27... Nh7 $2 (27... Qa5 $1 $11) 28. c5 Bxe5 29. dxe5 ({Don't take} 29. Qxe5 $6 Nf8) 29... Nf8 30. Qc3 Ng6 31. Be3 {[%emt 0:00:08] A strong pair of Bishops.} Ne7 {[%emt 0:00:15] [#]} 32. Bf3 (32. Bd7 $1 $18 Rb8 33. Qb4) 32... Rb8 (32... Nd5 $16 {was worth a try.} 33. cxb6 cxb6 34. Qxc8 Rxc8 35. Rxc8+ Kh7) 33. cxb6 cxb6 34. Rd6 Rdc8 35. Qd2 {[%emt 0:00:34] Strongly threatening Rxc8+.} Rxc1+ 36. Qxc1 {[%emt 0:00:01][%cal Oe3b6] Bxb6! is the strong threat.} Nd5 37. Bxd5 exd5 38. Qc6 {[%emt 0:00:41] White is more active.} Qa5 {[%emt 0:02:17] [#]} 39. Qxd5 (39. Kh2 $1 $18) 39... Qc3 $16 40. Rd8+ ({Of course not} 40. Bxb6 $6 Rxb6 41. Rxb6 Qc1+ 42. Kh2 Qf4+ 43. Kh1 Qc1+ 44. Kh2 Qf4+ 45. Kh1 Qc1+ 46. Kh2 $11) (40. Rxb6 $16 Rxb6 41. Bxb6) 40... Rxd8 $14 41. Qxd8+ {[%emt 0:00:00][%mdl 4096] Endgame KQB-KQB} Kh7 42. Qd6 Qb2 43. Bxb6 Qc1+ {[%emt 0:00:00] The position is equal.} 44. Kh2 Qf4+ 45. Kg1 Qc1+ 46. Kh2 {[%emt 0:00:09] aiming for Be3.} Qf4+ 47. Kg1 {[%emt 0:00:48] And now Be3 would win.} Qc1+ 48. Kh2 {[%emt 0:00:09] Threatens to win with Be3.} Qf4+ $1 {[%emt 0:00:00] Black defended with fortune.  Weighted Error Value: White=0.27 (precise) /Black=0.34} 1/2-1/2